 Dungeon Crawl Stone Soup version 0.30-b1-2-g02819fbbbe (webtiles) character file.

Game seed: 11067846821797548492

21 redmage the Digger (level 3, -3/26 HPs)
             Began as a Meteoran Earth Elementalist on Sept 1, 2023.
             Slain by a gnoll
             ... wielding a +0 club
              (9 damage)
             ... on level 3 of the Dungeon.
             The game lasted 00:03:43 (406 turns).

redmage the Digger (Meteoran Earth Elementalist)     Turns: 406, Time: 00:03:44

Health: -3/26      AC:  2    Str: 10    XL:     3   Next: 20%
Magic:  5/8        EV: 12    Int: 18    God:
Gold:   122        SH:  0    Dex: 14    Spells: 1/8 levels left

rFire   . . .        (no weapon)
rCold   . . .        (no shield)
rNeg    . . .        a - +0 robe
rPois   .            (no helmet)
rElec   .            (no cloak)
rCorr   .            (no gloves)
SInv    .            (no boots)
Will    .....        (no amulet)
Stlth   +            (no ring)
HPRegen 0.24/turn    (no ring)
MPRegen 0.11/turn

%: no passive effects
@: glowing
A: sense surroundings 1, otherworldly, glowing, explore regen
a: no special abilities


You were on level 3 of the Dungeon.
You visited 1 branch of the dungeon, and saw 3 of its levels.

You collected 122 gold pieces.

Inventory:

Armour
 a - a +0 robe (worn)
Wands
 k - a wand of polymorph (10)
Scrolls
 e - a scroll of blinking {unknown}
 g - a scroll of silence {unknown}
 h - a scroll of brand weapon {unknown}
 i - a scroll of magic mapping {unknown}
 j - a scroll of enchant weapon {unknown}
Potions
 b - a potion of magic
 c - a potion of brilliance {unknown}
 d - a potion of flight {unknown}
 f - a potion of degeneration {unknown}


   Skills:
 - Level 2.4 Dodging
 - Level 1.4 Stealth
 + Level 3.4 Spellcasting
 * Level 0.2 Conjurations
 - Level 1.2 Transmutations
 + Level 4.2 Earth Magic


You had one spell level left.
You knew the following spells:

 Your Spells              Type           Power      Damage    Failure   Level
a - Sandblast             Erth           36%        2d10      2%          1
b - Passwall              Tmut/Erth      10%        N/A       8%          2
c - Stone Arrow           Conj/Erth      22%        3d8       19%         3
d - Beastly Appendage     Tmut           14%        N/A       10%         1

Your spell library contained the following spells:

 Spells                   Type           Power      Damage    Failure   Level
 Wereblood                Tmut           7%         N/A       14%         2
 Spider Form              Tmut/Pois      5%         N/A       36%         3
 Petrify                  Tmut/Erth      13%        N/A       45%         4


Dungeon Overview and Level Annotations

Branches:
Dungeon (3/15) Zot: 1383

Altars:


Innate Abilities, Weirdness & Mutations

You passively map a small area around you.
You are easily found by Zot.
You glow in the dark.
You regain HP and MP as you explore.


Message History

Found 4 stones.
k - a wand of polymorph (10) 2 gnolls come into view.
The gnoll shouts!
The gnoll throws a throwing net.
The throwing net closely misses you.
The gnoll moves out of view.
You see here a throwing net.
A gnoll comes into view. It is wielding a +0 club.
The gnoll shouts!
The gnoll closely misses you.
Casting: Sandblast (safe; 2% risk of failure)
Confirm with . or Enter, or press ? or * to list all spells.
Aiming: Sandblast (safe; 2% risk of failure)
Press: ? - help, Shift-Dir - straight line, f - gnoll
Aim: a gnoll, wielding a +0 club and quivering 2 throwing nets (84% to hit)
The blast of sand hits the gnoll.
The gnoll is moderately wounded.
The gnoll throws a throwing net.
The throwing net closely misses you.
The gnoll hits you from afar with a +0 halberd.
You see here a throwing net.
Casting: Sandblast (safe; 2% risk of failure)
Confirm with . or Enter, or press ? or * to list all spells.
Aiming: Sandblast (safe; 2% risk of failure)
Press: ? - help, Shift-Dir - straight line, f - gnoll
Aim: a gnoll, wielding a +0 halberd (84% to hit)
The blast of sand hits the gnoll!
The gnoll is severely wounded.
The gnoll hits you from afar with a +0 halberd.
The gnoll hits you from afar with a +0 halberd!
The gnoll hits you with a +0 club.
* * * LOW HITPOINT WARNING * * *
Casting: Sandblast (safe; 2% risk of failure)
Confirm with . or Enter, or press ? or * to list all spells.
Aiming: Sandblast (safe; 2% risk of failure)
Press: ? - help, Shift-Dir - straight line, f/p - gnoll
Aim: a gnoll, wielding a +0 halberd (severely wounded, 84% to hit)
The blast of sand hits the gnoll!
The gnoll is almost dead.
The gnoll hits you with a +0 club!
You die...

* * , * , . ##* ,,
.. .. , * *#. .##
### , #. ......, ,
, * , #.##g#.####
.###. #.g.g.....# ,
..#. ###g#.# ,
...####.@...#*
#.#....##### ,
###...(..###
###..........## ,,
#.............# ,
*.#.............. ,
*,,#..........####,
, #..........# ,
#..###..........#


You could see 3 gnolls.

Vanquished Creatures
  An adder (D:2)
  2 endoplasms
  A giant cockroach (D:1)
  2 goblins (D:2)
  A hobgoblin (D:1)
  2 kobolds
  A rat (D:3)
10 creatures vanquished.

Notes
Turn   | Place    | Note
-------+----------+-------------------------------------------
     0 | D:1      | redmage the Meteoran Earth Elementalist began the quest for
                  | the Orb.
     0 | D:1      | Reached XP level 1. HP: 14/14 MP: 5/5
   188 | D:1      | Reached XP level 2. HP: 20/20 MP: 4/7
   283 | D:2      | Reached skill level 4 in Earth Magic
   290 | D:2      | Reached XP level 3. HP: 26/26 MP: 3/8
   336 | D:2      | Learned a level 2 spell: Passwall
   338 | D:2      | Learned a level 1 spell: Beastly Appendage
   342 | D:2      | Learned a level 3 spell: Stone Arrow
   406 | D:3      | Slain by a gnoll

Illustrated notes

Levels and vault maps discovered:
D:1:      ncdulo_lavacross, layout_loops_cross, st_stairs_14
D:2:      layout_loops_cross, basic_altar
D:3:      layout_rooms

Skill      XL: |  1  2 |
---------------+-------+-----
Spellcasting   | 3 |  3.4
Earth Magic    | 4 |  4.2
Dodging        | |  2.4
Stealth        | |  1.4
Conjurations   | |  0.2
Transmutations | |  1.2

Action                     || total
---------------------------++-------
   Cast: Sandblast         ||    20
 Armour: Robe              ||     1
  Dodge: Dodged            ||    11
